Alex, neutral male human Archeologist ---- ---- |..-- ---..| ----- |...--- -- ---....--- --...--#.....| --- --.--........------............| .. |...........)%%................-- ---.-- --.........----...)^............| --.....---|-.....#..| |..)..............| |........--..^d.....| |.................-- |............---.|.-- --..[..---.........---- ---.........-- ----- ---.--- |............| --....@....---- -- ----- |...........-- |...........|.--.-- - ..| ---.....----- |.................| ....| |.....| --......................- --|-....| --........`........---- --.|....-- |...............---- -....---- --.............-- ............ |........<----- -.. ---...---- ---.----.-- --- ----- -- --- Alex the Digger Experience level: 1 Strength: 11 Dexterity: 8 Constitution: 13 Intelligence: 16 Wisdom: 18 Charisma: 10 Health: 0(17) Energy: 3(3) Def: 4 Gold: 137 Moves: 2112 Dungeon seed: TP8r3ySA6TjbSBM- Game ID: Alex_1690444730 Your Inventory: Coins $ - 137 gold pieces Weapons s - an uncursed +0 orcish dagger A - 2 uncursed +0 daggers Armor e - an uncursed +0 leather jacket (being worn) I - an uncursed +0 dwarvish cloak (being worn) J - a blessed +0 pair of iron shoes (being worn) N - an uncursed +0 orcish helm (being worn) Comestibles b - 7 uncursed food rations Scrolls G - an uncursed scroll of blank paper H - an uncursed scroll of teleportation Spellbooks C - an uncursed spellbook of magic missile Wands h - an uncursed wand of teleportation (0:8) Tools c - an uncursed oil lamp (0:1059) d - an uncursed +0 pick-axe (weapon in hand) f - an uncursed tinning kit (0:73) g - an uncursed sack r - an uncursed oil lamp (0:1076) u - an uncursed magic marker (0:61) v - a cursed magic lamp w - 8 uncursed tallow candles (0:200) D - an uncursed wax candle (0:400) E - an uncursed towel M - an uncursed towel Gems q - an uncursed touchstone L - an uncursed opal Contents of the sack: an uncursed +2 bullwhip named pray 223 an uncursed scroll of gold detection an uncursed scroll of identify an uncursed scroll of remove curse an uncursed spellbook of astral eyesight an uncursed potion of wonder Spells and supernatural/magical abilities: Name Level Category Cost Memory W - pray for help -- divine ? -- Your skills at the end: Fighting Skills wands [Basic] Weapon Skills pick-axe [Basic] whip [Basic] Spellcasting Skills Final Attributes: You were fervently aligned. You were stealthy. You were fast. You last prayed 1889 turns ago. Camaxtli was noncommittal. You are dead. Vanquished creatures: a dwarf lord 3 gnome lords 4 dwarves an iguana 2 coyotes a giant rat 19 gnomes 2 geckos 2 jackals 2 foxes a kobold 4 goblins 2 sewer rats 3 grid bugs a bat 3 lichens a kobold zombie 5 newts 57 creatures vanquished. Voluntary challenges: You never hit with a wielded weapon. You were a pacifist. You were illiterate. You never genocided any monsters. You never polymorphed an object. You never changed form. You used no wishes. You never split a pudding. You never wrote Elbereth's name. You never violated your personal moral code. Dungeon overview: The Dungeons of Doom: levels 1 to 4 Level 1 a fountain, a sink a long staircase Level 2 a fountain Level 3 a hardware shop, an altar to Camaxtli stairs to The Gnomish Mines Level 4 The Gnomish Mines: levels 4 to 5 Level 4 stairs to The Dungeons of Doom Level 5 <- You were here History has recorded: On T:1 you entered the Dungeons of Doom to retrieve the Amulet of Yendor! On T:65 you reached level 2 of The Dungeons of Doom. On T:827 you reached level 3 of The Dungeons of Doom. On T:957 you reached level 4 of The Dungeons of Doom. On T:1083 you reached level 1 of The Gnomish Mines. On T:1790 you reached level 2 of The Gnomish Mines. Score breakdown: Gold: 137 ( 7279 points) Experience: 1 level ( 0 points) Exploration: 5 levels ( 10.00%) ( 8571 points) Discoveries: 2 items ( 0.66%) ( 2441 points) Valuables value: (no points given unless you survive) Artifact value: 0 ( 0 points) Variety of kills: 18 monsters ( 4.74%) ( 6529 points) Turncount: 2112 turns ( -81 points) Survival: died (score multiplied by 80%) Total score: 19791 Latest messages: You resume your meal. You finish eating the gnome corpse. [7 turns] Never mind. You see here a gnome corpse. There are a few objects here. (2x) Please move the cursor to an unknown object. A towel on the floor of a room. You see here a towel. You have a little trouble lifting M - a towel. You start digging. You hit the rock with all your might. You hear rumbling in the distance. You hear some noises in the distance. You make an opening in the wall. You find a bear trap. You see here a lichen corpse. Click! You trigger a rolling boulder trap! You are hit by a boulder. You die... Final status: Goodbye Alex the Archeologist, killed by a boulder... You died in The Gnomish Mines on dungeon level 5 with 19791 points, and 137 pieces of gold, after 2112 moves. You were level 1 with a maximum of 17 hit points when you died.